[Event "Late-Titled-Tuesday-Blitz-September-26-2023"]
[Site "Chess.com"]
[Date "2023.09.26"]
[Round "4"]
[White "victormago"]
[Black "greekplayer1"]
[Result "1-0"]
[WhiteElo "2531"]
[BlackElo "2687"]
[TimeControl "180+1"]
[EndTime "14:37:13 PDT"]
[Termination "victormago won by resignation"]

1. d4 Nf6 2. c4 e6 3. Nc3 Bb4 4. Qc2 d6 5. Nf3 Nbd7 6. g3 b6 7. Bg2 Bb7 8. O-O Bxc3 9. Qxc3 O-O 10. b3 Ne4 11. Qc2 f5 12. Ng5 Nxg5 13. Bxb7 Rb8 14.
Bg2 h6 15. f4 Nf7 16. e4 fxe4 17. Qxe4 Qe7 18. Bb2 Nf6 19. Qe2 Rbe8 20. Rae1 Qd7 21.
Bh3 d5 22. Ba3 c5 23. dxc5 Nd8 24. cxb6 Rf7 25. c5 axb6 26. cxb6 Qc6 27. Qf2 Ne4 28.
Qd4 Qa8 29. Qa4 Nc6 30. Qxa8 Rxa8 31. Bxe6 Rxa3 32. Bxd5 Nd2 33. Re8+ Kh7 34. Bxf7 Nxf1 35. Kxf1 Rxa2 36. Bd5 Ra1+ 37. Kg2 Ra2+ 38. Kh3 Nb4 39. Be4+ g6 40. b7 1-0

[Event "Late-Titled-Tuesday-Blitz-September-26-2023"]
[Site "Chess.com"]
[Date "2023.09.26"]
[Round "4"]
[White "Jospem"]
[Black "Mikhail_Golubev"]
[Result "1-0"]
[WhiteElo "2985"]
[BlackElo "2589"]
[TimeControl "180+1"]
[EndTime "14:37:15 PDT"]
[Termination "Jospem won by resignation"]

1. a3 g6 2. Nf3 Bg7 3. g3 Nc6 4. Bg2 e5 5. d3 f5 6. O-O Nf6 7. c4 O-O 8. Nc3 d6 9. Bg5 h6 10. Bxf6 Bxf6 11. Nd2 Bg7 12. b4 e4 13. Rc1 exd3 14.
exd3 a6 15. Nd5 Be6 16. Rb1 Nd4 17. Nb3 Nxb3 18. Qxb3 c6 19. Nf4 Bf7 20. Rfe1 g5 21. Ne6 Bxe6 22. Rxe6 Qd7 23. Rxd6 Qf7 24. b5 Be5 25.
Rd5 Rfe8 26. d4 Bg7 27. bxc6 bxc6 28. Rd6 Rab8 29. Qc2 Rxb1+ 30. Qxb1 Re6 31. Rxe6 Qxe6 32. d5 cxd5 33. Bxd5 1-0

[Event "Late-Titled-Tuesday-Blitz-September-26-2023"]
[Site "Chess.com"]
[Date "2023.09.26"]
[Round "4"]
[White "Babbelbox"]
[Black "Slovak_fighter2000"]
[Result "1/2-1/2"]
[WhiteElo "2656"]
[BlackElo "2462"]
[TimeControl "180+1"]
[EndTime "14:37:15 PDT"]
[Termination "Game drawn by repetition"]

1. e4 e6 2. d4 d5 3. Nd2 a6 4. Ngf3 c5 5. exd5 exd5 6. Be2 Nf6 7. O-O Be7 8. dxc5 Bxc5 9. Nb3 Bb6 10. Bg5 O-O 11. c3 Be6 12. Nfd4 Nc6 13. Bf3 h6 14. Bh4 g5 15. Bg3 Ne4 16. Bxe4 dxe4 17. Nxe6 Qxd1 18.
Raxd1 fxe6 19. Rfe1 Rad8 20. Rxd8 Rxd8 21. Kf1 e3 22.
fxe3 Ne7 23. Ke2 Nf5 24. Bf2 Nd6 25. Rd1 Nc4 26. Rb1 e5 27. e4 Bxf2 28. Kxf2 Nd2 29. Nxd2 Rxd2+ 30. Kf3 Rc2 31. h3 Kg7 32. a4 Kf6 33. a5 h5 34. g3 Ke6 35. Ke3 Rh2 36. Kf3 Rc2 37. Ke3 Rg2 38. Kf3 Rc2 1/2-1/2

[Event "Late-Titled-Tuesday-Blitz-September-26-2023"]
[Site "Chess.com"]
[Date "2023.09.26"]
[Round "4"]
[White "PawnEatingZombie"]
[Black "jup1978"]
[Result "0-1"]
[WhiteElo "2143"]
[BlackElo "2460"]
[TimeControl "180+1"]
[EndTime "14:37:15 PDT"]
[Termination "jup1978 won by resignation"]

1. e4 c6 2. d4 d5 3. exd5 cxd5 4.
Bd3 Nc6 5. c3 Nf6 6. Nf3 Bg4 7.
O-O e6 8. Re1 Bd6 9. h3 Bh5 10.
Na3 a6 11. Nc2 O-O 12. Ne3 Bg6 13. Ng4 Nxg4 14. hxg4 b5 15. a3 Qc7 16. g3 Rab8 17. Kg2 a5 18. b4 Rfc8 19. Bxg6 hxg6 20. Bd2 axb4 21. axb4 Ra8 22. Qe2 Qb6 23. g5 Ne7 24. Qd3 Bc7 25. Rh1 Rxa1 26. Rxa1 Nf5 27. Bf4 Bxf4 28. gxf4 Nd6 29. Ne5 Ne4 30. Ra3 Qc7 31.
Qxb5 Nxc3 32. Qd7 Qxd7 33. Nxd7 Nb5 34. Rd3 Rc4 0-1

[Event "Late-Titled-Tuesday-Blitz-September-26-2023"]
[Site "Chess.com"]
[Date "2023.09.26"]
[Round "4"]
[White "garfield_pg"]
[Black "Mesa_1"]
[Result "1-0"]
[WhiteElo "2407"]
[BlackElo "2618"]
[TimeControl "180+1"]
[EndTime "14:37:16 PDT"]
[Termination "garfield_pg won by resignation"]

1. d4 Nf6 2. Bf4 e6 3. e3 d5 4. Nf3 Bd6 5. Ne5 Nc6 6. Nd2 Bxe5 7. dxe5 Nd7 8. Qg4 g5 9. Bxg5 Ndxe5 10. Bxd8 Nxg4 11. Bxc7 e5 12. h3 Nxf2 13. Kxf2 Kd7 14. Bxe5 Nxe5 15. Nf3 Nc6 16. Rd1 Kc7 17. Rxd5 Be6 18.
Rd2 Bxa2 19. Bb5 Be6 20. Bxc6 bxc6 21. Ra1 a5 22. Rd4 Rhb8 23. b3 Rb5 24. g4 Rc5 25. c4 Rb8 26. Ra3 h5 27. Kg3 hxg4 28. hxg4 Rg8 29.
Nd2 Rcg5 30. Kf2 Bxg4 31. Ne4 Rf5+ 32. Ke1 Rh8 33. c5 Rh1+ 34. Kd2 Rff1 35. Rxa5 Rh2+ 36. Kc3 Rc1+ 37. Kb4 Rb1 38. Ra7+ Kb8 39. Rxf7 Be6 40. Rd8+ Bc8 41. Nd6 Rh8 42. Rxh8 1-0

[Event "Late-Titled-Tuesday-Blitz-September-26-2023"]
[Site "Chess.com"]
[Date "2023.09.26"]
[Round "4"]
[White "brm72"]
[Black "Nekoo04"]
[Result "1-0"]
[WhiteElo "2497"]
[BlackElo "2314"]
[TimeControl "180+1"]
[EndTime "14:37:16 PDT"]
[Termination "brm72 won by resignation"]

1. e4 c5 2. Nf3 d6 3. d4 cxd4 4.
Nxd4 Nf6 5. Nc3 g6 6. f3 Bg7 7. Be3 Nc6 8. Qd2 O-O 9. O-O-O d5 10. Qe1 e5 11. Nxc6 bxc6 12. exd5 Nxd5 13. Bc4 Be6 14. Kb1 Rb8 15. Bb3 a5 16. Bc5 Re8 17. Ne4 a4 18. Bxa4 f5 19. Nd6 Rxb2+ 20. Kxb2 Qb8+ 21. Bb3 e4+ 22. Kc1 Bh6+ 23. Kb1 Bg7 24.
Nxe8 Nc3+ 25. Kc1 Nxa2+ 26. Bxa2 Qb2+ 27. Kd2 Bc3+ 28. Ke2 Bxa2 29. Rd2 Qb5+ 30. Kf2 Qxc5+ 31. Qe3 Qxe3+ 32. Kxe3 f4+ 33. Ke2 Bc4+ 34. Kd1 e3 35.
Rd3 Bxd3 36. cxd3 Kf7 37. Nd6+ Ke6 38. Ne4 1-0

[Event "Late-Titled-Tuesday-Blitz-September-26-2023"]
[Site "Chess.com"]
[Date "2023.09.26"]
[Round "4"]
[White "NowInChess"]
[Black "JM2005GM"]
[Result "0-1"]
[WhiteElo "2257"]
[BlackElo "2494"]
[TimeControl "180+1"]
[EndTime "14:37:17 PDT"]
[Termination "JM2005GM won on time"]

1. e4 e5 2. Nf3 Nc6 3. Bc4 Bc5 4.
d3 h6 5. Be3 Bb6 6. a4 d6 7.
Nbd2 Nf6 8. h3 Be6 9. c3 Qe7 10. b4 Bxe3 11. fxe3 a5 12. b5 Nb8 13. O-O O-O 14. Qe2 Nbd7 15. d4 Rad8 16. d5 Nc5 17. dxe6 fxe6 18. Bd3 c6 19. bxc6 bxc6 20. Bc2 Qc7 21. Rab1 d5 22. exd5 exd5 23. e4 Rde8 24. Nh4 d4 25. Qc4+ Ne6 26. cxd4 exd4 27. Bb3 Kh7 28. Qd3 Nc5 29. Qc2 Qe5 30. Rf5 d3 31.
Qxc5 Qc7 32. Qf2 c5 33. Bc4 Qd6 34. Rb3 Rb8 35. Rxd3 Qe7 36. Rb3 Rbd8 37. Rff3 g5 38. Nf5 Qe5 39. Nf1 Nxe4 0-1

[Event "Late-Titled-Tuesday-Blitz-September-26-2023"]
[Site "Chess.com"]
[Date "2023.09.26"]
[Round "4"]
[White "Iball95"]
[Black "Defend1r"]
[Result "1-0"]
[WhiteElo "2761"]
[BlackElo "2514"]
[TimeControl "180+1"]
[EndTime "14:37:21 PDT"]
[Termination "Iball95 won on time"]

1. e4 c5 2. Nf3 d6 3. Nc3 Nf6 4. d4 cxd4 5. Qxd4 Nc6 6. Bb5 e5 7. Qd3 a6 8. Ba4 Be6 9. Bg5 Be7 10. O-O O-O 11. Rfd1 Nb4 12. Qe2 Qc7 13. Bb3 Bxb3 14. cxb3 Nh5 15. Nxe5 Bxg5 16. Qxh5 dxe5 17. Qxg5 Rad8 18. a3 Nc2 19. Nd5 Rxd5 20. exd5 Nxa1 21. Rxa1 Rd8 22. Rd1 f6 23. Qd2 Qd6 24. h4 Kf7 25. h5 e4 26. Qd4 f5 27. b4 Rc8 28. g3 Rc2 29. Rd2 Rc1+ 30. Kg2 g6 31. h6 Ke8 32. Qh8+ Kd7 33. Qxh7+ Kc8 34. Qg8+ Kc7 35.
h7 e3 36. Qf7+ Kb6 37. fxe3 1-0

[Event "Late-Titled-Tuesday-Blitz-September-26-2023"]
[Site "Chess.com"]
[Date "2023.09.26"]
[Round "4"]
[White "Danishcrown"]
[Black "YellowJacek"]
[Result "0-1"]
[WhiteElo "2111"]
[BlackElo "2316"]
[TimeControl "180+1"]
[EndTime "14:37:22 PDT"]
[Termination "YellowJacek won on time"]

1. d4 Nf6 2. Bf4 d5 3. Nf3 c5 4. c3 Nc6 5. e3 Qb6 6. Qb3 c4 7. Qxb6 axb6 8. Na3 e6 9. Nb5 Ra5 10. a4 Na7 11. Nd6+ Bxd6 12. Bxd6 b5 13. Kd2 bxa4 14. Bb4 Ra6 15. Kc2 Nc6 16. Bd6 Ne4 17. Bg3 f6 18. Nd2 Nxd2 19. Kxd2 Bd7 20. f3 Na5 21. Ra3 Nb3+ 22.
Kc2 Ke7 23. Be2 b5 24. e4 Rb6 25. exd5 exd5 26. f4 Bf5+ 27. Kd1 Kf7 28. Bf3 Rd8 29.
Re1 Re6 30. Bf2 Rxe1+ 31. Bxe1 Be4 32. Bxe4 dxe4 33. f5 h5 34. h3 Rd5 35. g4 hxg4 36.
hxg4 Rd8 37. Ke2 Rh8 38. Bg3 Rh1 39. Ke3 Rh3 40. Kf4 e3 41. Kf3 e2 0-1

[Event "Late-Titled-Tuesday-Blitz-September-26-2023"]
[Site "Chess.com"]
[Date "2023.09.26"]
[Round "4"]
[White "JoakimVonAnd"]
[Black "Fandorine"]
[Result "0-1"]
[WhiteElo "2726"]
[BlackElo "2950"]
[TimeControl "180+1"]
[EndTime "14:37:23 PDT"]
[Termination "Fandorine won by resignation"]

1. d4 Nf6 2. Nf3 d5 3. Bf4 c5 4. e3 Nc6 5. Nbd2 e6 6. c3 Be7 7.
Ne5 O-O 8. Bd3 Nd7 9. Nxd7 Bxd7 10. O-O c4 11. Bc2 f5 12. f3 b5 13. e4 a5 14.
exf5 exf5 15. Re1 Bf6 16. Nf1 Ra6 17. Ne3 Ne7 18. Be5 Bxe5 19. dxe5 Be6 20. f4 Qb6 21. a3 Nc6 22. Kh1 d4 23. cxd4 Qxd4 24. Qxd4 Nxd4 25. Rad1 Nxc2 26. Nxc2 Rb8 27. Rd6 Rbb6 28. Nd4 Rxd6 29. exd6 Bd7 30. h3 Rxd6 31. Nf3 Bc6 32. Ne5 Be4 33. Re2 h6 34. Kh2 Rd4 35. g3 b4 36.
axb4 axb4 37. g4 c3 38. bxc3 bxc3 39. Ra2 Rd2+ 40. Rxd2 cxd2 0-1

[Event "Late-Titled-Tuesday-Blitz-September-26-2023"]
[Site "Chess.com"]
[Date "2023.09.26"]
[Round "4"]
[White "KorolDimitriy75"]
[Black "midedu"]
[Result "0-1"]
[WhiteElo "2394"]
[BlackElo "2032"]
[TimeControl "180+1"]
[EndTime "14:37:23 PDT"]
[Termination "midedu won by checkmate"]

1. d4 Nf6 2. c4 g6 3. Nc3 d6 4.
e4 Bg7 5. Nf3 O-O 6. Be2 Nc6 7.
O-O e5 8. d5 Ne7 9. Kh1 Ne8 10.
a4 h6 11. a5 a6 12. b4 f5 13.
c5 Nf6 14. Nd2 f4 15. Nc4 g5 16. f3 h5 17. cxd6 cxd6 18. b5 axb5 19. Nxb5 Ne8 20.
Ba3 Rf6 21. Bb4 Kh7 22. Qc2 Rg6 23. Rfc1 g4 24. Nb6 Rb8 25. Na7 Bd7 26. Nxd7 Qxd7 27. Bb5 Qd8 28. Bxe8 Qxe8 29. Qc7 Rd8 30. Qxb7 Rb8 31.
Qc7 Rxb4 32. Nc6 Nxc6 33. dxc6 gxf3 34. gxf3 Qe6 35. Qd7 Qb3 36. c7 Qxf3# 0-1

[Event "Late-Titled-Tuesday-Blitz-September-26-2023"]
[Site "Chess.com"]
[Date "2023.09.26"]
[Round "4"]
[White "venturov"]
[Black "JiiHart"]
[Result "1-0"]
[WhiteElo "2467"]
[BlackElo "2180"]
[TimeControl "180+1"]
[EndTime "14:37:25 PDT"]
[Termination "venturov won on time"]

1. e4 c5 2. Nf3 Nc6 3. Bc4 e6 4.
O-O d5 5. Bb5 dxe4 6. Ne5 Qc7 7.
Nxc6 bxc6 8. Bc4 Nf6 9. Nc3 Bd6 10. h3 g5 11. Qe2 g4 12. hxg4 Rg8 13. f3 Bh2+ 14.
Kh1 Qg3 15. Qe1 exf3 16. Qxg3 Bxg3 17. gxf3 h5 18. Rg1 h4 19. d3 e5 20. Kg2 Nxg4 21. fxg4 Bxg4 22. Ne4 O-O-O 23. Nxg3 Bd7 24. Kf2 hxg3+ 25. Rxg3 Rxg3 26. Kxg3 Rg8+ 27. Kf2 Rh8 28. Be3 f5 29. Bxc5 f4 30. Rg1 Rh2+ 31. Rg2 Rh3 32. Bd6 1-0

[Event "Late-Titled-Tuesday-Blitz-September-26-2023"]
[Site "Chess.com"]
[Date "2023.09.26"]
[Round "4"]
[White "leoduarte"]
[Black "MajorCoast"]
[Result "1-0"]
[WhiteElo "2488"]
[BlackElo "2267"]
[TimeControl "180+1"]
[EndTime "14:37:25 PDT"]
[Termination "leoduarte won on time"]

1. d4 d5 2. c4 e6 3. Nf3 Nf6 4. g3 Be7 5. Bg2 O-O 6. O-O dxc4 7. Qc2 a6 8. a4 Bd7 9. Qxc4 Bc6 10.
Bg5 h6 11. Bxf6 Bxf6 12. Rd1 b5 13. Qc2 b4 14. e4 b3 15. Qe2 Nd7 16. Nc3 Qb8 17. d5 exd5 18. exd5 Bb7 19. Qc4 Bxc3 20. Qxc3 Bc8 21. Nd4 Nb6 22. Nc6 Qb7 23. d6 cxd6 24. a5 1-0

[Event "Late-Titled-Tuesday-Blitz-September-26-2023"]
[Site "Chess.com"]
[Date "2023.09.26"]
[Round "4"]
[White "WindWhistler11"]
[Black "roxannyzoldyck"]
[Result "1-0"]
[WhiteElo "2467"]
[BlackElo "2197"]
[TimeControl "180+1"]
[EndTime "14:37:28 PDT"]
[Termination "WindWhistler11 won on time"]

1. Nf3 Nf6 2. d3 g6 3. Nbd2 Bg7 4. e4 d5 5. Be2 O-O 6. O-O c5 7. c3 Nc6 8. Qc2 d4 9. a4 e5 10. Nc4 Nh5 11. g3 Bh3 12. Re1 b6 13. Qb3 Qe7 14.
a5 bxa5 15. Qb5 Bd7 16. Qa6 f5 17. exf5 Rxf5 18. g4 Rxf3 19. Bxf3 Nf6 20. Bxc6 Bxc6 21. Qxc6 Rf8 22. Rxe5 Qf7 23. Nd6 1-0

[Event "Late-Titled-Tuesday-Blitz-September-26-2023"]
[Site "Chess.com"]
[Date "2023.09.26"]
[Round "4"]
[White "ValeriyGrinev"]
[Black "A-Fier"]
[Result "1-0"]
[WhiteElo "2561"]
[BlackElo "2781"]
[TimeControl "180+1"]
[EndTime "14:37:29 PDT"]
[Termination "ValeriyGrinev won by resignation"]

1. d4 Nf6 2. c4 c5 3. d5 g6 4. Nc3 Bg7 5. e4 d6 6. Nf3 O-O 7. h3 e6 8. Bd3 Re8 9. O-O Na6 10. Bg5 Nc7 11. Qd2 b6 12. Rfe1 e5 13. a3 Qe7 14.
b4 Na6 15. Rab1 Qf8 16. Bc2 Nd7 17. Ba4 h6 18. Be3 Rd8 19. Bc6 Rb8 20. Nb5 f5 21. Qc2 Nf6 22. exf5 Bxf5 23. Qc1 Bxb1 24. Qxb1 Qf7 25.
Nd2 Rf8 26. Nxd6 Qe7 27. N2e4 Nh5 28. Qd1 cxb4 29. Qa4 Nc5 30. Qxb4 Nxe4 31. Nxe4 Qh4 32. d6 Nf4 33. Bxf4 exf4 34. d7 f3 35. Qd6 fxg2 36.
Qxg6 Qxh3 37. Qxg2 Qxg2+ 38. Kxg2 Rbd8 39. Nd6 Bb2 40. a4 Bd4 41. Re2 Kg7 42. Nb7 Rb8 43. Re8 Bf6 44.
f4 Kf7 45. Nd6+ Kg6 46. Be4+ Kg7 47. Nf5+ Kf7 48. Nxh6+ Kg7 49. Nf5+ Kh8 50. Nd6 Kg7 51. Bc6 Bd8 52. Nc8 Bc7 53. Rxf8 Kxf8 54. Kf3 a5 55.
Ke4 Kf7 56. Bd5+ Kf6 57. f5 Bd8 58. Be6 Bc7 59. Kd5 Bd8 60. Kd6 Kg7 61. Na7 Bh4 62. Nc6 Rf8 63. Kc7 Bg3+ 64. Kxb6 Bh4 65. Kxa5 Ra8+ 66.
Kb5 Kh6 67. a5 Kg5 68. a6 Kf4 69. Kb6 Ke4 70. Kb7 Rf8 71. a7 1-0

[Event "Late-Titled-Tuesday-Blitz-September-26-2023"]
[Site "Chess.com"]
[Date "2023.09.26"]
[Round "4"]
[White "sergiochess83"]
[Black "Andrej2004"]
[Result "0-1"]
[WhiteElo "2866"]
[BlackElo "2575"]
[TimeControl "180+1"]
[EndTime "14:37:32 PDT"]
[Termination "Andrej2004 won on time"]

1. d4 Nf6 2. c4 e6 3. g3 d5 4. Bg2 c5 5. cxd5 exd5 6. Nf3 Nc6 7. O-O Bg4 8. Ne5 cxd4 9. Nxg4 Nxg4 10. e4 Nf6 11.
exd5 Nxd5 12. Qb3 Nb6 13. a4 a5 14. Bg5 Be7 15. Bxc6+ bxc6 16. Bxe7 Kxe7 17. Re1+ Kf8 18. Nd2 g6 19. Rac1 Rc8 20. Ne4 Kg7 21. Nc5 Rb8 22.
Qd3 Qd5 23. Re4 Rbd8 0-1

[Event "Late-Titled-Tuesday-Blitz-September-26-2023"]
[Site "Chess.com"]
[Date "2023.09.26"]
[Round "4"]
[White "kacprekt"]
[Black "Goryachkina"]
[Result "0-1"]
[WhiteElo "2487"]
[BlackElo "2657"]
[TimeControl "180+1"]
[EndTime "14:37:32 PDT"]
[Termination "Goryachkina won on time"]

1. d4 Nf6 2. c4 e6 3. Nc3 d5 4.
Bf4 dxc4 5. e3 c5 6. Bxc4 cxd4 7. exd4 Bd6 8. Bxd6 Qxd6 9. Nf3 O-O 10. O-O Nc6 11. a3 Rd8 12. Nb5 Qf4 13. Qa4 a6 14. Nc3 Nxd4 15.
Nxd4 Rxd4 16. Rad1 Bd7 17. Rxd4 Qxd4 18. Qb3 Rc8 19.
Be2 Bc6 20. Rd1 Qe5 21. Qb6 g6 22. Bf1 Kg7 23. Ne2 Nd5 24. Qa5 Bb5 25. Nd4 Bxf1 26.
Nf3 Qxb2 27. Rxf1 Rc1 28. Re1 Nf4 29. g3 Nd3 0-1

[Event "Late-Titled-Tuesday-Blitz-September-26-2023"]
[Site "Chess.com"]
[Date "2023.09.26"]
[Round "4"]
[White "Nor1lsk"]
[Black "MaxLeto"]
[Result "1-0"]
[WhiteElo "2755"]
[BlackElo "2514"]
[TimeControl "180+1"]
[EndTime "14:37:36 PDT"]
[Termination "Nor1lsk won on time"]

1. e4 c5 2. d3 d6 3. g3 Nc6 4. Bg2 g6 5. f4 Bg7 6. Nf3 e6 7.
O-O Nge7 8. c3 O-O 9. Be3 b6 10. Na3 d5 11. e5 Ba6 12. Re1 d4 13. cxd4 cxd4 14. Nxd4 Nxd4 15. Qa4 Rc8 16. Qxa6 Nef5 17. Bf2 Qd7 18. Qb7 Rc7 19. Qe4 h5 20. h3 Rd8 21.
g4 hxg4 22. hxg4 Nh6 23. Bh3 Nc2 24. Nxc2 Rxc2 25. Re2 Rxe2 26. Qxe2 Qxd3 27. Qxd3 Rxd3 28. Kg2 Rd2 29. Rc1 Rxb2 30. Rc8+ Kh7 31. a4 Ra2 32. Kf3 Rxa4 33. Bh4 Ra3+ 34. Kg2 a5 35. Rb8 Rb3 36.
Bd8 Rb2+ 37. Kg3 Rb3+ 38. Kh4 a4 39. Rxb6 Rxb6 40. Bxb6 a3 41. Bd4 Bf8 42. Bf1 Be7+ 43. Kg3 Bb4 44. Bc4 Kg7 45. Kf3 1-0

[Event "Late-Titled-Tuesday-Blitz-September-26-2023"]
[Site "Chess.com"]
[Date "2023.09.26"]
[Round "4"]
[White "KamlaPasand"]
[Black "melissa_guez"]
[Result "0-1"]
[WhiteElo "2434"]
[BlackElo "2173"]
[TimeControl "180+1"]
[EndTime "14:37:36 PDT"]
[Termination "melissa_guez won by resignation"]

1. e4 c5 2. Nf3 e6 3. d4 cxd4 4. Nxd4 Nc6 5. Nc3 Qc7 6. Be3 a6 7. Qf3 Nf6 8. O-O-O Rb8 9. Qg3 Qxg3 10. hxg3 Bb4 11. f3 Bxc3 12. bxc3 Na5 13. g4 b5 14. g5 Ng8 15. Bf4 Ra8 16. Bc7 Nc4 17. Bxc4 bxc4 18. f4 Bb7 19. f5 Bxe4 20. g6 Nf6 21.
Be5 fxg6 22. fxe6 dxe6 23. Nxe6 Nd5 24. Rxd5 Bxd5 25. Nc7+ Kd7 26. Nxd5 Ke6 27. Nc7+ Kxe5 28. Nxa8 Rxa8 29. Rxh7 Ra7 30. Rh4 Rc7 31. Kb2 g5 32. Rg4 Kf5 33. Rd4 g4 34. g3 Re7 35. Rxc4 Re3 36.
Rc7 g5 37. Rc5+ Kf6 38. Rc6+ Kf5 39. Rxa6 Rxg3 40. c4 Re3 41. c5 g3 42. c6 g2 43.
c7 Re8 44. Ra5+ Kf4 45. Ra4+ Kf3 46. Ra3+ Kf2 47. Rc3 g1=Q 48. c8=Q Rxc8 49. Rxc8 Kg3 50. a4 Qb6+ 51. Kc1 Qe3+ 52. Kb1 Qe1+ 53. Ka2 Qe6+ 54. Ka3 Qxc8 0-1

[Event "Late-Titled-Tuesday-Blitz-September-26-2023"]
[Site "Chess.com"]
[Date "2023.09.26"]
[Round "4"]
[White "Sokoloco"]
[Black "snowlord"]
[Result "1/2-1/2"]
[WhiteElo "2698"]
[BlackElo "2889"]
[TimeControl "180+1"]
[EndTime "14:37:39 PDT"]
[Termination "Game drawn by repetition"]

1. b3 e5 2. Bb2 Nc6 3. e3 Nf6 4. Nf3 e4 5. Nd4 Ne7 6. c4 c5 7. Nb5 d5 8. Bxf6 gxf6 9. cxd5 a6 10. d6 Nd5 11. N1c3 Nxc3 12. Nxc3 f5 13. Bc4 Qxd6 14. Qh5 Qg6 15. Qe2 Bg7 16. a4 Qxg2 17. O-O-O Qg4 18.
Qf1 Qh4 19. Nd5 Be6 20. Nc7+ Kd7 21. Nxa8 Rxa8 22. Rg1 Bh8 23. Bxe6+ fxe6 24. Qc4 b5 25. axb5 axb5 26. Qxb5+ Kc7 27. Qxc5+ Kd7 28. Qb5+ Kc7 29.
Qc4+ Kd7 30. Qb5+ Kc7 31. Qc5+ Kd7 32. Qb5+ 1/2-1/2

[Event "Late-Titled-Tuesday-Blitz-September-26-2023"]
[Site "Chess.com"]
[Date "2023.09.26"]
[Round "4"]
[White "nitpicker"]
[Black "carloseduar100"]
[Result "0-1"]
[WhiteElo "2237"]
[BlackElo "2322"]
[TimeControl "180+1"]
[EndTime "14:37:40 PDT"]
[Termination "carloseduar100 won on time"]

1. d4 d5 2. c4 e5 3. dxe5 d4 4. Nf3 Nc6 5. Nbd2 Bg4 6. a3 Nge7 7.
h3 Bxf3 8. Nxf3 Ng6 9. Qa4 Qd7 10. g3 Ngxe5 11. Bg2 d3 12. Nxe5 Nxe5 13. Qxd7+ Kxd7 14. Bxb7 Re8 15. Bf4 Nxc4 16. O-O-O Rxe2 17. Rxd3+ Bd6 18. Ba6 Nxb2 19. Bb5+ Ke7 20. Rd2 Bxf4 21. gxf4 Rxd2 22. Kxd2 Rb8 23. a4 a6 24. Bxa6 Nxa4 25. Rc1 c5 26. Bc4 Rb4 27. Ke3 Nb6 28. Bd3 Nd5+ 29.
Kf3 Rxf4+ 30. Kg3 Rd4 31. Be2 Nf4 32. Bf3 c4 33. Ra1 Ne6 34. Ra7+ Kf6 35. Be2 c3 36.
Ra8 Rd7 37. Rc8 Rc7 38. Rxc7 Nxc7 39. Bd3 Nd5 40. Kf3 Nb4 41. Ke3 c2 0-1

[Event "Late-Titled-Tuesday-Blitz-September-26-2023"]
[Site "Chess.com"]
[Date "2023.09.26"]
[Round "4"]
[White "Njal28"]
[Black "moro182"]
[Result "0-1"]
[WhiteElo "3081"]
[BlackElo "2887"]
[TimeControl "180+1"]
[EndTime "14:37:41 PDT"]
[Termination "moro182 won by checkmate"]

1. e4 e5 2. Nc3 d6 3. Bc4 Be7 4. d3 Be6 5. f4 Bxc4 6. dxc4 exf4 7. Bxf4 Bh4+ 8. g3 Bg5 9. Nf3 Bxf4 10. gxf4 Nf6 11. e5 dxe5 12. Qxd8+ Kxd8 13. O-O-O+ Nbd7 14. Nxe5 Ke7 15. Nxd7 Nxd7 16. Rhe1+ Kd8 17. Re3 Re8 18. Red3 Re7 19. Nd5 Nc5 20. Nxc7+ Kxc7 21. Rd5 b6 22. b4 Ne4 23. Kb2 Nf6 24. Rg5 g6 25. c5 Re2 26. Rd4 Rd8 27. cxb6+ axb6 28. Rc4+ Kb7 29.
a4 Rd5 30. Rg3 Rxh2 31. Rgc3 Rd7 32. a5 bxa5 33. bxa5 Nd5 34. Rb3+ Ka7 35. Rd4 Nf6 36.
Rdb4 Re2 37. a6 Ree7 38. c4 Ne4 39. Rb5 Rc7 40. R5b4 Nc5 41. Ra3 Re2+ 42. Kc3 Rd7 43. Rb5 Re3+ 44. Kb4 Nxa6+ 45. Ka4 Rxa3+ 46. Kxa3 Nc7 47. Re5 Kb6 48. f5 Kc6 49. Kb4 f6 50. Ra5 g5 51.
Ra1 Rg7 52. Rh1 g4 53. Kc3 g3 54. Kd3 g2 55. Rg1 Kc5 56. Ke3 Kxc4 57. Kf2 Kd5 58.
Rd1+ Ke5 59. Kg1 Kxf5 60. Rc1 Ne6 61. Ra1 Nf4 62. Ra5+ Ke6 63. Ra6+ Kd5 64. Ra3 Ne2+ 65. Kf2 g1=Q+ 66. Kxe2 Rg2+ 67. Kd3 Rg3+ 68. Kc2 Qf2+ 69.
Kb1 Rg1# 0-1

[Event "Late-Titled-Tuesday-Blitz-September-26-2023"]
[Site "Chess.com"]
[Date "2023.09.26"]
[Round "4"]
[White "Javylavilla"]
[Black "angryspacevoid"]
[Result "0-1"]
[WhiteElo "2320"]
[BlackElo "2505"]
[TimeControl "180+1"]
[EndTime "14:37:44 PDT"]
[Termination "angryspacevoid won by resignation"]

1. e4 d5 2. exd5 Nf6 3. d4 Bg4 4. Be2 Bxe2 5. Nxe2 Qxd5 6. O-O Nc6 7. Be3 Ng4 8. Nf4 Qf5 9. Nc3 O-O-O 10. Qe2 Nxd4 11. Bxd4 Qxf4 12. g3 Qxd4 13. Rad1 Qb4 14. Rxd8+ Kxd8 15. Rd1+ Kc8 16. Nd5 Qxb2 17. Qxg4+ e6 18.
Nxc7 Kxc7 19. Qc4+ Kb6 20. Rd3 Qc1+ 21. Kg2 Bc5 22.
Rb3+ Kc6 23. Qe4+ Kd6 24. Qxb7 Qxc2 25. Rf3 Rf8 26. Qa6+ Bb6 27. Rd3+ Ke7 28. Qa3+ Qc5 29. Qb2 Qc6+ 30. Kh3 f6 31. Qb4+ Qc5 32. Qe4 Qf5+ 33.
Qxf5 exf5 34. Rc3 Rd8 35. Kg2 Rd2 36. Rf3 Ke6 0-1

[Event "Late-Titled-Tuesday-Blitz-September-26-2023"]
[Site "Chess.com"]
[Date "2023.09.26"]
[Round "4"]
[White "IlanSchnaider"]
[Black "zajka-molotok"]
[Result "1-0"]
[WhiteElo "2810"]
[BlackElo "2555"]
[TimeControl "180+1"]
[EndTime "14:37:46 PDT"]
[Termination "IlanSchnaider won by resignation"]

1. e4 c5 2. Nf3 Nc6 3. Bb5 g6 4.
O-O Bg7 5. Re1 e5 6. c3 Nge7 7.
d4 cxd4 8. cxd4 Nxd4 9. Nxd4 exd4 10. Bf4 O-O 11. Nd2 d5 12. Bg5 dxe4 13. Nxe4 f6 14. Bc4+ Kh8 15. Bf4 Nc6 16. Nd6 Ne5 17. Bxe5 fxe5 18.
Nf7+ Rxf7 19. Bxf7 Bf5 20. Qb3 e4 21. Bd5 e3 22. fxe3 dxe3 23. Rad1 Qg5 24. Qxe3 Qxe3+ 25. Rxe3 Bxb2 26. Bxb7 Rb8 27. Bc6 Bc2 28. Rd7 Bf5 29.
Rd1 Bc2 30. Rd5 Bb1 31. Re8+ Rxe8 32. Bxe8 Bxa2 33. Rd2 1-0

[Event "Late-Titled-Tuesday-Blitz-September-26-2023"]
[Site "Chess.com"]
[Date "2023.09.26"]
[Round "4"]
[White "ChadBiryani"]
[Black "chosenpr"]
[Result "1-0"]
[WhiteElo "2495"]
[BlackElo "2307"]
[TimeControl "180+1"]
[EndTime "14:37:46 PDT"]
[Termination "ChadBiryani won by checkmate"]

1. Nf3 Nf6 2. g3 d5 3. Bg2 Bf5 4. d3 e6 5. O-O h6 6. c3 Nbd7 7.
Nbd2 Be7 8. Re1 Bh7 9. Qc2 O-O 10. a4 a5 11. b3 Re8 12. Ba3 Bxa3 13. Rxa3 Qe7 14.
Ra2 e5 15. e4 dxe4 16. Nxe4 Bxe4 17. dxe4 Nc5 18. b4 axb4 19. cxb4 Na6 20. Rb2 Nxb4 21.
Qb3 c5 22. Nh4 g6 23. Nxg6 Qc7 24. Rc1 Qd6 25. Nh4 Red8 26. Nf5 Qf8 27. Rxc5 Nd3 28. Rc7 Nc5 29. Rxc5 Qxc5 30. Nxh6+ Kg7 31. Qxf7+ Kxh6 32. Qxf6+ Kh7 33. Rxb7+ Kg8 34. Qg7# 1-0

[Event "Late-Titled-Tuesday-Blitz-September-26-2023"]
[Site "Chess.com"]
[Date "2023.09.26"]
[Round "4"]
[White "iturrizaga"]
[Black "Nf3c5"]
[Result "1-0"]
[WhiteElo "2995"]
[BlackElo "2594"]
[TimeControl "180+1"]
[EndTime "14:37:48 PDT"]
[Termination "iturrizaga won by resignation"]

1. d4 Nf6 2. Nf3 e6 3. Bg5 h6 4. Bxf6 Qxf6 5. e4 d6 6. Nc3 a6 7. Bd3 g5 8. h3 Bg7 9. Qd2 Qe7 10. O-O-O Nd7 11. Kb1 b6 12. d5 Ne5 13. Nxe5 Bxe5 14. g3 Bb7 15. f4 gxf4 16. gxf4 Bf6 17. Rhe1 e5 18. Ne2 exf4 19. c3 O-O-O 20. Qxf4 Be5 21. Qf1 Kb8 22. Nd4 Bxd4 23. cxd4 Ka7 24. Re3 f5 25.
Bxa6 Bxa6 26. Ra3 Qxe4+ 27. Ka1 Qxd5 28. Qxa6+ Kb8 29. Qa7+ Kc8 30. Rc1 Qb7 31. Qa4 Kb8 32.
Rac3 Rh7 33. Qc2 Rf7 34. d5 f4 35. Qe4 Rdf8 36. Rf3 Qc8 37. a4 Qf5 38. Qc4 Qc8 39. a5 Qb7 40. a6 Qc8 41. Ka2 Ka7 42. Rcc3 h5 43. Qb5 Rf5 44. Rc6 Qxa6+ 45. Ra3 Qxa3+ 46. Kxa3 R8f7 47. Rc4 f3 48. Ra4+ Kb8 49. Qe8+ 1-0